 Adventure DCSS version bcrawl-1.27.3 (webtiles) character file.

Game seed: 16603875059803957535

113095 galech the Skirmisher (level 4, 28/35 HPs)
             Began as a Demonspawn Fighter on Aug 3, 2020.
             Quit the game on level 2 of the Dungeon.
             The game lasted 00:01:48 (1952 turns).

galech the Skirmisher (Demonspawn Fighter)          Turns: 1952, Time: 00:01:49

Health: 28/35      AC:  7    Str: 16    XL:     4   Next: 2%
Magic:  4/4        EV:  5    Int:  9    God:
Gold:   104        SH:  9    Dex: 14    Spells: 3/3 levels left
                                        Lives:  2   Deaths: 0

rFire    . . .     SeeInvis .   a - +0 war axe
rCold    . . .     Gourm    .   c - +0 medium shield
rNeg     . . .     Faith    .   b - +0 scale mail
rPois    .         Spirit   .   (no helmet)
rElec    .         Reflect  .   (no cloak)
rCorr    .         Harm     .   m - +0 pair of gloves (curse)
MR       .....                  (no boots)
Stlth    ..........             (no amulet)
HPRegen  0.11/turn              (no ring)
MPRegen  0.09/turn              (no ring)

@: no status effects
A: hooves 1, demonic guardian 1
a: no special abilities


You were on level 2 of the Dungeon.
You were not hungry.

You visited 1 branch of the dungeon, and saw 3 of its levels.

You collected 104 gold pieces.

Inventory:

Hand Weapons
 a - a +0 war axe (weapon)
Armour
 b - a +0 scale mail (worn)
 c - a +0 medium shield (worn)
 m - a cursed +0 pair of gloves (worn)
Scrolls
 f - a scroll of fear {unknown}
 h - a scroll of magic mapping {unknown}
 k - a scroll of identify
 l - a scroll of enchant armour {unknown}
Potions
 d - a potion of might
 i - a potion of brilliance {unknown}
 j - 2 potions of curing {unknown}
 n - a potion of haste {unknown}
 o - a potion of magic {unknown}
Comestibles
 e - 3 rations {!d}


   Skills:
 + Level 3.3 Fighting
 + Level 2.4 Axes
 + Level 3.1 Armour
 + Level 0.9 Dodging
 + Level 0.1 Stealth
 + Level 3.1 Shields


You had 3 spell levels left.
You didn't know any spells.
Your spell library contained the following spells:

 Spells                   Type           Power        Failure   Level  Hunger
 Magic Dart               Conj           #...         100%        1    None
 Blink                    Tloc           N/A          100%        2    ####...
 Call Imp                 Summ           #.....       100%        2    ####...
 Conjure Flame            Conj/Fire      #.......     100%        3    #####..
 Mephitic Cloud           Conj/Pois/Air  #.......     100%        3    #####..
 Spider Form              Tmut/Pois      #..          100%        3    #####..


Dungeon Overview and Level Annotations

Branches:
Dungeon (3/12)

Altars:
Qazlal


Innate Abilities, Weirdness & Mutations

You have large cloven feet.
A weak demonic guardian rushes to your aid.


Message History

HP restored.
You climb downwards.
The leopard gecko bites you but does no damage.
You block the orc's attack.
There is a stone staircase leading up, spattered with blood here.
You block the leopard gecko's attack. The orc hits you with a +0 club.
You climb upwards.
There is a stone staircase leading down here.
You hit the orc. Your kick misses the orc.
The orc is almost dead.
You barely miss the leopard gecko. You block the leopard gecko's attack.
You block the orc's attack. The leopard gecko bites you.
You slash the orc!
You kill the orc!
You have reached level 4!
You feel agile.
Your demonic ancestry asserts itself...
You feel the presence of a demonic guardian.
You hit the leopard gecko.
The leopard gecko bites you but does no damage.
Are you sure you want to abandon this character and quit the game? (Confirm with "yes".)

#.#.#.###.#.......## ##.......#
##.....###.#.##(..<.####.........
.......................'.........
##....#.##.#.#......####.........
#.#.##.##)#.#.....## ##.......#
#.........#.##....# ##.)...##
######.####.......# ##...## #.#
#####)### ##'## #.# #@# #.# #.#
#l# #.# # #.# #.# ##.## ### #.#
#.##########...### ..# #.#
#................< ..# #.#
##########.......# ..#####.#
####.##.# ........# #.##..
..####### #.####


You could see a leopard gecko.

Vanquished Creatures
  2 oozes (D:1)
  A worm (D:2)
  A dart slug (D:1)
  4 leopard geckos
  3 orcs (D:2)
  4 bats
  3 giant cockroaches
  A goblin (D:2)
  4 hobgoblins
  4 jackals (D:1)
  7 kobolds
  2 ball pythons
  5 frilled lizards
  7 rats
48 creatures vanquished.

Notes
Turn   | Place    | Note
-------+----------+-------------------------------------------
     0 | D:1      | galech the Demonspawn Fighter began the quest for the Orb.
     0 | D:1      | Reached XP level 1. HP: 18/18 MP: 1/1
   199 | D:1      | Gained mutation: You have large cloven feet. [demonic
                  | ancestry]
   199 | D:1      | Reached XP level 2. HP: 8/24 MP: 2/2
   671 | D:1      | Reached XP level 3. HP: 29/29 MP: 3/3
  1726 | D:2      | Found a stormy altar of Qazlal.
  1951 | D:2      | Gained mutation: A weak demonic guardian rushes to your
                  | aid. [demonic ancestry]
  1951 | D:2      | Reached XP level 4. HP: 28/35 MP: 4/4
  1952 | D:2      | Quit the game

Skill      XL: |  1  2  3 |
---------------+----------+-----
Axes           | 2 |  2.4
Shields        | 3 |  3.1
Armour         | 3 |  3.1
Fighting       | |  3.3
Dodging        | |  0.9
Stealth        | |  0.1

Action                   |  1- 3 |  4- 6 || total
-------------------------+-------+-------++-------
Melee: War axe           |   142 |       ||   142
       Kick              |    27 |       ||    27
  Eat: Chunk             |     9 |       ||     9
Armor: Scale mail        |    66 |     1 ||    67
Dodge: Dodged            |    26 |       ||    26
Block: Medium shield     |    74 |       ||    74
